 Dungeon Crawl Stone Soup version 0.31.0-12-g77e489cdc1 (webtiles) character file.

Game seed: 13537659788844975191

3125 Henri the Grappler (level 9, -7/64 HPs)
             Began as an Octopode Shapeshifter on Feb 16, 2024.
             Was a Follower of Dithmenos.
             Mangled by a skeletal warrior
             ... wielding a +0 long sword
              (8 damage)
             ... on level 8 of the Dungeon.
             The game lasted 00:19:39 (9047 turns).

Henri the Grappler (Octopode Shapeshifter)          Turns: 9047, Time: 00:19:40

Health: -7/64      AC:  1    Str: 17    XL:     9   Next: 92%
Magic:  9/9        EV: 13    Int: 13    God:    Dithmenos [*.....]
Gold:   372        SH:  5    Dex: 17    Spells: 8/8 levels left

rFire   . .          .
                       - Unarmed
rCold   . . .        (no shield)
rNeg    . . .        (helmet currently unavailable)
rPois   .            F - amulet of reflection
rElec   .            z - +6 ring of dexterity
rCorr   .            (no ring)
SInv    .            (no ring)
Will    .....        (no ring)
Stlth   +++          (no ring)
HPRegen 0.30/turn    (no ring)
MPRegen 0.11/turn    (no ring)
                     (no ring)

%: reflection
@: beast-form, wreathed by umbra
A: beast (slay +3), almost no armour, amphibious, 8 rings, camouflage 1,
gelatinous body 1, (nimble swimmer 1), tentacles
a: Begin Untransformation, Renounce Religion


You were on level 8 of the Dungeon.
You worshipped Dithmenos.
Dithmenos was aware of your devotion.
You were a hulking beast.
You visited 2 branches of the dungeon, and saw 10 of its levels.

You collected 372 gold pieces.

Inventory:

Missiles
 t - 6 poisoned darts (quivered)
 D - 2 throwing nets
 E - 6 atropa-tipped darts
Armour
 B - a +1 hat
Jewellery
 m - a ring of magical power
 z - a +6 ring of dexterity (left tentacle)
 F - an amulet of reflection (around mantle)
 I - an amulet of the acrobat
Talismans
 b - a beast talisman
 c - a flux talisman
Wands
 n - a wand of light (26)
 y - a wand of iceblast (7)
Scrolls
 d - 3 scrolls of enchant weapon
 e - 2 scrolls of teleportation
 f - a scroll of brand weapon {unknown}
 g - 2 scrolls of vulnerability
 l - a scroll of blinking
 o - 3 scrolls of enchant armour {unknown}
 p - 2 scrolls of noise {unknown}
 q - a scroll of fog
 s - a scroll of immolation {unknown}
 A - a scroll of torment {unknown}
 J - a scroll of revelation {unknown}
 L - a scroll of fear {unknown}
Potions
 a - 2 potions of lignification
 i - 2 potions of invisibility
 j - 4 potions of might
 k - a potion of haste
 r - a potion of berserk rage {unknown}
 u - a potion of mutation {unknown}
 v - 2 potions of cancellation {unknown}
 w - 3 potions of ambrosia
 x - a potion of attraction {unknown}
 C - 3 potions of curing
 G - 3 potions of degeneration
 H - a potion of enlightenment {unknown}
 K - a potion of magic {unknown}


   Skills:
 - Level 7.3 Fighting
 - Level 2.0 Dodging
 - Level 10.7 Unarmed Combat
 + Level 5.5 Shapeshifting


You had 8 spell levels left.
You didn't know any spells.
Your spell library contained the following spells:

 Spells                   Type           Power      Damage    Failure   Level
 Magic Dart               Conj           0%         1d3       30%         1
 Searing Ray              Conj           0%         2d4       43%         2
 Dazzling Flash           Conj/Hex       0%         N/A       67%         3
 Mephitic Cloud           Conj/Alch/Air  0%         N/A       67%         3
 Ozocubu's Armour         Ice            0%         N/A       67%         3
 Fulminant Prism          Conj/Alch      0%         3d5       97%         4
 Manifold Assault         Tloc           0%         N/A       97%         4
 Curse of Agony           Necr           0%         N/A       100%        5
 Metabolic Englaciation   Hex/Ice        0%         N/A       100%        5
 Silence                  Hex/Air        0%         N/A       100%        5
 Dispersal                Tloc           0%         N/A       100%        6
 Sculpt Simulacrum        Ice/Alch       0%         N/A       100%        6
 Disjunction              Tloc           0%         N/A       100%        8


Dungeon Overview and Level Annotations

Branches:
Dungeon (9/15)             Temple (1/1) D:5
   Lair: D:8-11         Orc: D:9-12

Altars:
Ashenzari
Cheibriados
Dithmenos
Elyvilon
Fedhas
Hepliaklqana
Kikubaaqudgha
Makhleb
Nemelex Xobeh
Qazlal
Ru
Sif Muna
Trog
Uskayaw
Vehumet
Wu Jian
Xom
Yredelemnul
Zin
The Shining One

Shops:
D:5 [   D:6 [


Innate Abilities, Weirdness & Mutations

You are a hulking beast.
Your limbs bulge with bestial killing power. (Slay +3)
You cannot wear most types of armour.
You are amphibious.
You can wear up to eight rings at the same time.
Your skin changes colour to match your surroundings (Stealth+).
Your rubbery body absorbs attacks. (AC +1, EV +1)
((You are camouflaged when in or above water. (Stealth+)))
You have tentacles for arms and can constrict up to eight enemies at once.


Message History

You constrict the skeletal warrior.
The skeletal warrior hits you with a +0 long sword!!
You tentacle-slap the skeletal warrior.
You squeeze the skeletal warrior, but do no damage.
The skeletal warrior is heavily damaged.
You constrict the skeletal warrior.
You completely miss the skeletal warrior.
You squeeze the skeletal warrior, but do no damage.
The skeletal warrior is heavily damaged.
You constrict the skeletal warrior, but do no damage.
The skeletal warrior misses you.
You tentacle-slap the skeletal warrior. You squeeze the skeletal warrior.
The skeletal warrior is heavily damaged.
You constrict the skeletal warrior, but do no damage.
The skeletal warrior hits you with a +0 long sword!
* * * LOW HITPOINT WARNING * * *
You feel much better.
You constrict the skeletal warrior.
You block the skeletal warrior's attack.
You bludgeon the skeletal warrior!
Your squeeze misses the skeletal warrior.
The skeletal warrior is severely damaged.
You constrict the skeletal warrior.
The skeletal warrior hits you with a +0 long sword!!
* * * LOW HITPOINT WARNING * * *
You barely miss the skeletal warrior. You squeeze the skeletal warrior.
The skeletal warrior is severely damaged.
You constrict the skeletal warrior.
The skeletal warrior hits you with a +0 long sword!
* * * LOW HITPOINT WARNING * * *
Unknown command.
You tentacle-slap the skeletal warrior.
The skeletal warrior is almost destroyed.
You constrict the skeletal warrior, but do no damage.
Unknown command.
You tentacle-slap the skeletal warrior but do no damage.
Your squeeze misses the skeletal warrior.
The skeletal warrior is almost destroyed.
You constrict the skeletal warrior.
The skeletal warrior hits you with a +0 long sword!
You die...

#.$ ... ##...## #.
#..#z. ##'## #. #....
#.# #. #.#.####.# #.#
#. #........# ##.## ##
###.###### ##...## #.#
#.....###### #.######
##..........
#...zh.####.......####
######........>...# #
######.......# ##
###...### #. #...# ##.
#..... #.. ###########
#..#####.. #.........#
#..###.... #.#######.#
###......


You could see a skeletal warrior.

Vanquished Creatures
  Sigmund (D:5)
  A water moccasin (D:6)
  A sky beast (D:6)
  2 ogres
  4 black bears
  A centaur (D:6)
  3 phantoms
  A bullfrog (D:6)
  4 scorpions
  12 wights
  A jelly (D:6)
  2 howler monkeys (D:9)
  3 quasits (D:8)
  4 orc priests
  2 bombardier beetles (D:5)
  Crazy Yiuf (D:2)
  A gnoll bouda (D:4)
  2 hounds (D:5)
  A sleepcap (D:7)
  An iguana (D:5)
  An orc wizard (D:8)
  Robin (D:3)
  15 gnolls
  6 adders
  2 shadow imps
  A white imp (D:6)
  7 ufetubi
  7 dart slugs
  A ribbon worm (D:2)
  20 orcs
  8 ball pythons
  9 endoplasms
  7 giant cockroaches
  10 goblins
  8 hobgoblins
  8 jackals
  8 kobolds
  3 quokkas
  3 bats
  5 frilled lizards
  8 rats
186 creatures vanquished.

Notes
Turn   | Place    | Note
-------+----------+-------------------------------------------
     0 | D:1      | Henri the Octopode Shapeshifter began the quest for the
                  | Orb.
     0 | D:1      | Reached XP level 1. HP: 13/13 MP: 1/1
    59 | D:1      | Reached XP level 2. HP: 18/18 MP: 2/2
   429 | D:1      | Reached XP level 3. HP: 21/23 MP: 3/3
   748 | D:2      | Found a runed translucent door.
   749 | D:2      | Noticed Crazy Yiuf
  1166 | D:2      | Reached XP level 4. HP: 23/29 MP: 4/4
  1195 | D:2      | Reached skill level 4 in Unarmed Combat
  1608 | D:3      | Reached XP level 5. HP: 24/35 MP: 5/5
  2141 | D:3      | Reached skill level 5 in Unarmed Combat
  2213 | D:3      | Noticed Robin
  2249 | D:3      | Killed Robin
  2650 | D:4      | Reached XP level 6. HP: 32/42 MP: 6/6
  3258 | D:5      | Entered Level 5 of the Dungeon
  3358 | D:5      | Reached skill level 6 in Unarmed Combat
  3510 | D:5      | Found a staircase to the Ecumenical Temple.
  3536 | Temple   | Entered the Ecumenical Temple
  3561 | Temple   | Became a worshipper of Dithmenos the Shadowed
  3627 | D:5      | Identified the +4 mace of the Philosopher {flame, rElec
                  | Dex+2}
  3713 | D:5      | Reached XP level 7. HP: 25/47 MP: 7/7
  4085 | D:5      | Noticed Sigmund
  4155 | D:5      | Found Waevud's Armour Shop.
  4277 | D:5      | Reached skill level 7 in Unarmed Combat
  4679 | D:6      | Found a burning altar of Makhleb.
  4866 | D:6      | Reached skill level 5 in Fighting
  4866 | D:6      | Reached XP level 8. HP: 23/55 MP: 8/8
  5071 | D:6      | Reached skill level 8 in Unarmed Combat
  5141 | D:6      | HP: 2/55 [ogre/+0 giant club (8)]
  5406 | D:6      | Found Matew's Antique Armour Emporium.
  5646 | D:6      | Reached skill level 9 in Unarmed Combat
  5696 | D:6      | Found an ancient bone altar of Kikubaaqudgha.
  5696 | D:6      | Found a stormy altar of Qazlal.
  5697 | D:6      | Found a blossoming altar of Fedhas.
  5697 | D:6      | Found a bloodstained altar of Trog.
  5697 | D:6      | Found a glowing silver altar of Zin.
  5863 | D:6      | Found a sparkling altar of Nemelex Xobeh.
  5865 | D:6      | Found a glowing golden altar of the Shining One.
  5867 | D:6      | Found a hide-covered altar of Uskayaw.
  6279 | D:7      | Reached XP level 9. HP: 57/62 MP: 9/9
  6812 | D:7      | Reached skill level 10 in Unarmed Combat
  7515 | D:8      | Reached * piety under Dithmenos
  7571 | D:8      | Noticed a skeletal warrior
  7571 | D:8      | Noticed a skeletal warrior
  7703 | D:2      | Killed Crazy Yiuf
  7975 | D:5      | Killed Sigmund
  8565 | D:8      | Noticed a skeletal warrior
  8608 | D:9      | Reached skill level 5 in Shapeshifting
  8901 | D:9      | Noticed a troll
  8970 | D:8      | Found a white marble altar of Elyvilon.
  8974 | D:8      | Found a sacrificial altar of Ru.
  8979 | D:8      | Found an ornate altar of the Wu Jian Council.
  9045 | D:8      | HP: 1/64 [skeletal warrior/+0 long sword (16)]
  9047 | D:8      | Mangled by a skeletal warrior

Illustrated notes

Levels and vault maps discovered:
D:1:      amcnicky_arrival_underground_garden, layout_basic,
          minmay_misc_feat_four_crosses
D:2:      layout_basic, grunt_ministairs_9, uniq_crazy_yiuf_cottage
D:3:      layout_loops_cross, dk_noncrumbling_4, uniq_robin
D:4:      layout_cave_pools, mrwooster_statue_mirror
D:5:      layout_gridville, minmay_temple_entry_offerings, serial_shops,
          kennysheep_little_box, st_stairs_14, minmay_holes, uniq_sigmund
D:6:      layout_loops_corners, lemuel_round_altar, grunt_temple_overflow_open,
          serial_shops, shop, minmay_checkerbox
D:7:      layout_rooms
D:8:      layout_loops_corners, minmay_overflow_temple_star_quad,
          serial_demonic, serial_demonic_a, serial_demonic_d, serial_demonic_g,
          serial_demonic_b
D:9:      layout_stronghold, chequers_serial_rivers_small_b
Temple:   hellmonk_temple_beads

Skill      XL: |  1  2  3  4  5  6  7  8  9 |
---------------+----------------------------+-----
Fighting       | 2 3 5 6 7 |  7.3
Unarmed Combat | 4 5 6 7 9 10 | 10.7
Shapeshifting  | 5 |  5.5
Dodging        | |  2.0

Action                     |  1- 3 |  4- 6 |  7- 9 || total
---------------------------+-------+-------+-------++-------
  Melee: Unarmed           |    82 |   156 |   200 ||   438
         Constrict         |    14 |    40 |    48 ||   102
         Tentacles         |    11 |    36 |    62 ||   109
         Punch             |     1 |     5 |     9 ||    15
    Use: Scroll            |       |     7 |     5 ||    12
         Potion            |       |     2 |     1 ||     3
   Stab: Sleeping          |     4 |     6 |     7 ||    17
 Armour: Skin              |    24 |    72 |    82 ||   178
  Dodge: Dodged            |    44 |   115 |   101 ||   260
  Block: Other             |       |       |     9 ||     9
